Map: Orbital Shipyard

Players

staceyxoxo

  • Race: Zerg Zerg
  • League: Diamond

Ailee (Azure) - Winner!

  • Race: Terran Terran
  • League: Master

VOD

Have the link to the VOD?

Description

Time

  • Played on: Nov. 15, 2015, 5:43 p.m.
  • Length: 6:20
Show
View Real Time Build Order
Export as new Build Order

staceyxoxo Zerg 

Build Orders: 3 Hatch before Pool 

Get SALT Encoding   

  12  0:01  Drone  
  13  0:13  Overlord  
  13  0:18  Drone  
  14  0:32  Drone x2  
  14  0:35  Drone  
  17  0:51  Hatchery  
  17  0:57  Hatchery  
  17  1:00  Drone  
  17  1:03  Drone  
  18  1:07  Drone  
  19  1:14  Extractor  
  18  1:21  Spawning Pool  
  18  1:25  Drone  
  18  1:30  Drone  
  19  1:42  Overlord  
  20  2:08  Zergling x4  
  20  2:09  Queen x2  
  20  2:10  Zergling x2  
  20  2:15  Metabolic Boost  
  26  2:18  Drone  
  26  2:22  Drone x2  
  29  2:37  Drone x2  
  29  2:42  Overlord  
  31  2:46  Queen  
  33  2:54  Drone x3  
  36  3:04  Overlord  
  36  3:08  Drone  
  36  3:11  Roach Warren  
  36  3:32  Overlord x2  
  35  3:37  Overlord  
  35  4:00  Roach x6  
  35  4:02  Roach  
  49  4:03  Roach x4  
  49  4:05  Zergling x2  
  49  4:09  Extractor  
  57  4:14  Zergling x2  
  57  4:15  Zergling x2  
  59  4:24  Baneling Nest  
  59  4:26  Zergling x2  
  59  4:27  Zergling x2  
  60  4:35  Overlord  
  60  4:37  Zergling x10  
  65  4:55  Zergling x8  
  69  5:06  Zergling x2  
  72  5:07  Zergling x12  
  72  5:09  Baneling x7  
  72  5:11  Baneling  
  72  5:12  Zergling x2  
  77  5:18  Zergling x2  
  77  5:19  Zergling x2  
  66  5:40  Zergling x2  
  66  5:41  Zergling x10  
  63  5:56  Drone x4  
  58  6:03  Hatchery  
  54  6:06  Drone x2  
Show
View Real Time Build Order
Export as new Build Order

Ailee Terran - Winner!

Build Orders: Liberator Opening, Reaper Expand 

Get SALT Encoding   

  12  0:01  SCV  
  13  0:13  SCV  
  14  0:18  Supply Depot  
  14  0:26  SCV  
  15  0:40  SCV  
  15  0:42  Barracks  
  16  0:46  Refinery  
  16  0:52  SCV  
  17  1:04  SCV  
  18  1:18  SCV  
  19  1:30  Orbital Command  
  19  1:32  Reaper  
  20  1:39  Command Center  
  20  1:49  Supply Depot  
  20  1:57  SCV  
  20  2:01  Refinery  
  21  2:04  Reaper  
  22  2:09  SCV  
  23  2:21  SCV  
  24  2:26  Factory  
  24  2:33  SCV  
  25  2:45  SCV  
  25  2:46  Barracks Reactor  
  26  2:53  Command Center  
  26  2:57  Orbital Command  
  26  2:59  SCV  
  27  3:11  SCV, Starport  
  28  3:23  SCV  
  29  3:30  SCV  
  30  3:35  SCV  
  30  3:40  Liberator  
  31  3:43  SCV  
  31  3:45  Hellion x2  
  31  3:47  SCV  
  37  3:55  SCV  
  37  3:59  Marine  
  37  4:00  SCV  
  42  4:05  Orbital Command  
  42  4:07  SCV  
  42  4:08  Hellion x2  
  47  4:12  SCV  
  48  4:17  Barracks Tech Lab  
  48  4:19  SCV  
  48  4:23  Liberator  
  48  4:24  SCV  
  50  4:29  Hellion x2  
  54  4:31  SCV, Engineering Bay  
  54  4:32  Engineering Bay  
  54  4:33  SCV  
  54  4:36  SCV  
  56  4:43  SCV  
  61  4:49  SCV  
  61  4:52  Bunker  
  61  4:54  Armory  
  61  4:57  Supply Depot, Refinery  
  61  5:04  Supply Depot  
  61  5:18  SCV x2, Widow Mine  
  61  5:19  Marauder  
  69  5:25  SCV  
  69  5:26  Bunker  
  70  5:34  Widow Mine  
  61  5:46  SCV  
  61  5:48  Marauder  
  55  6:08  Factory Reactor  
  52  6:12  Supply Depot x2  
Tags
 
Add a new tag
Caveats
  • Supply blocks, unpowered buildings, or Contaminate may cause inaccurate times.
  • Supply counts are checked every 10 seconds.